 Dungeon Crawl Stone Soup version 0.26.1-11-gd32895ea62 (webtiles) character file.

Game seed: 15185359768621207357

6260 Cykl0x the Carver (level 10, 0/86 HPs)
             Began as a Minotaur Fighter on May 6, 2021.
             Was an Elder of the Shining One.
             Slain by an orc knight
             ... wielding a +0 glaive
              (25 damage)
             ... in a bailey.
             The game lasted 00:17:34 (11419 turns).

Cykl0x the Carver (Minotaur Fighter)               Turns: 11419, Time: 00:17:35

Health: 0/86       AC:  9    Str: 24    XL:     10   Next: 62%
Magic:  3/13       EV: 12    Int:  5    God:    the Shining One [****..]
Gold:   1289       SH: 21    Dex: 10    Spells: 9/9 levels left

rFire    . . .     SeeInvis .   u - +2 long sword (flame)
rCold    . . .     Faith    .   c - +1 kite shield
rNeg     + + .     Spirit   .   D - +0 swamp dragon scales
rPois    +         Reflect  .   (helmet restricted)
rElec    .         Harm     .   (no cloak)
rCorr    +         Rampage  .   (no gloves)
Will     +....                  (no boots)
Stlth    ..........             (no amulet)
HPRegen  0.24/turn              I - ring of willpower
MPRegen  0.13/turn              C - ring of resist corrosion

@: divine shield, glowing
A: retaliatory headbutt, horns 2
a: Renounce Religion, Divine Shield, Cleansing Flame


You were in a bailey.
You worshipped the Shining One.
The Shining One was greatly pleased with you.
You visited 2 branches of the dungeon, and saw 11 of its levels.
You also visited: Sewer and Bailey.

You collected 1289 gold pieces.

Inventory:

Hand Weapons
 u - a +2 long sword of flaming (weapon)
 E - a +0 spear
Missiles
 f - 230 stones
 p - a curare-tipped dart (quivered)
 t - 4 boomerangs
Armour
 b - a +0 scale mail
 c - a +1 kite shield (worn)
 y - a +0 chain mail
 D - +0 swamp dragon scales (worn)
Jewellery
 A - an uncursed ring of protection from cold
 C - a ring of resist corrosion (right hand)
 I - a ring of willpower (left hand)
Wands
 m - a wand of random effects (70)
 s - a wand of flame (40)
 J - a wand of enslavement (5)
Scrolls
 h - 4 scrolls of fog
 j - 5 scrolls of enchant armour
 v - a scroll of remove curse
 w - 7 scrolls of teleportation
 z - 2 scrolls of amnesia
 H - a scroll of magic mapping
Potions
 d - a potion of might
 e - 3 potions of curing
 g - 6 potions of flight
 k - 2 potions of mutation
 n - 3 potions of lignification
 o - 4 potions of magic
 q - 2 potions of resistance
 r - 4 potions of haste
 x - 2 potions of cancellation
 B - a potion of degeneration


   Skills:
 + Level 7.2 Fighting
 + Level 9.5 Long Blades
 + Level 3.9 Throwing
 + Level 8.2 Armour
 * Level 7.1 Dodging
 + Level 8.2 Shields
 * Level 6.2 Invocations


You had 9 spell levels left.
You didn't know any spells.
Your spell library contained the following spells:

 Spells                   Type           Power        Failure   Level
 Animate Skeleton         Necr           0%           88%         1
 Magic Dart               Conj           0%           88%         1
 Pain                     Necr           0%           88%         1
 Sting                    Tmut/Pois      0%           88%         1
 Summon Small Mammal      Summ           0%           88%         1
 Blink                    Tloc           N/A          95%         2
 Call Imp                 Summ           0%           95%         2
 Poisonous Vapours        Pois/Air       0%           95%         2
 Slow                     Hex            0%           95%         2
 Call Canine Familiar     Summ           0%           99%         3
 Conjure Flame            Conj/Fire      0%           99%         3
 Ignite Poison            Fire/Tmut/Pois 0%           99%         3
 Mephitic Cloud           Conj/Pois/Air  0%           99%         3
 Summon Guardian Golem    Hex/Summ       0%           99%         3
 Vampiric Draining        Necr           0%           99%         3
 Animate Dead             Necr           0%           100%        4
 Olgreb's Toxic Radiance  Pois           0%           100%        4
 Summon Ice Beast         Ice/Summ       0%           100%        4
 Summon Lightning Spire   Summ/Air       0%           100%        4
 Agony                    Necr           0%           100%        5


Dungeon Overview and Level Annotations

Branches:
Dungeon (10/15)            Temple (1/1) D:4            Lair (0/6) D:10
    Orc (0/2) D:9           Sewer (visited)          Bailey (1/1)

Altars:
Ashenzari
Cheibriados
Dithmenos
Elyvilon
Fedhas
Gozag
Hepliaklqana
Kikubaaqudgha
Makhleb
Nemelex Xobeh
Okawaru
Qazlal
Ru
Sif Muna
Trog
Uskayaw
Vehumet
Wu Jian
Xom
Yredelemnul
Zin
The Shining One

Shops:
D:8 (


Innate Abilities, Weirdness & Mutations

You reflexively headbutt those who attack you in melee.
You have a pair of horns on your head.


Message History

The orc knight is lightly wounded.
Unknown command.
Your shield is strengthened by the Shining One's divine power.
You fail to use your ability.
You fail to use your ability.
You are momentarily dazzled by a brilliant light.
You can no longer summon a divine warrior.
The orc warrior no longer looks unusually strong.
You block the orc warrior's attack.
The orc warrior no longer looks unusually strong.
Your daeva blocks something's attack.
You block the orc knight's attack.
The orc warrior shoots a bolt.
You block the bolt.
Items here: ( ) [ †.
You closely miss the orc warrior. You headbutt the orc warrior!
You kill the orc warrior!
The orc knight no longer looks unusually strong.
Your daeva blocks something's attack.
The orc warrior shoots a bolt.
You block the bolt.
The orc knight hits you from afar with a +0 glaive!!
You die...

### ###### ##∩##
#####
#...(.##...##.....
..≈≈≈(.#...#..≈≈≈.
.≈≈)≈≈(......≈≈o≈≈
.≈.oo≈.o(....≈oo.≈
.≈≈o≈≈.)A..).≈≈o≈≈
..≈≈≈..#@.(#.o≈≈
#.....##.∩(# ...
###### ##∩## # ###


You could see 4 orc knights, 3 orc warriors, an orc and a friendly daeva
(summoned).

Vanquished Creatures
  A two-headed ogre (D:8)
  A centaur zombie (D:10)
  Maggie (D:8)
  2 trolls (D:9)
  Prince Ribbit (D:7)
  Sigmund (D:2)
  A two-headed ogre zombie (D:9)
  3 ice beasts
  A sky beast (D:8)
  8 orc warriors
  3 phantoms
  4 ogres
  A big kobold (Sewer)
  2 bullfrogs
  4 scorpions
  2 troll zombies (D:9)
  A killer bee (D:9)
  10 wights
  2 howler monkeys (D:7)
  A bullfrog zombie (D:10)
  3 hounds
  10 orc wizards
  A gnoll shaman (D:5)
  9 orc priests
  2 jellies
  2 centaur skeletons
  An iguana (D:7)
  4 worker ants
  A killer bee zombie (D:5)
  5 ogre zombies (D:9)
  A hound zombie (D:7)
  3 hound skeletons
  A howler monkey skeleton (D:3)
  6 gnolls
  7 adders
  2 river rats (Sewer)
  3 shadow imps
  2 ufetubi
  5 worms
  2 dart slugs (D:1)
  8 leopard geckos
  53 orcs
  7 bats
  6 giant cockroaches
  11 goblins
  9 hobgoblins
  17 jackals
  4 quokkas
  3 frilled lizards
  3 goblin zombies (D:9)
  A hobgoblin zombie (D:9)
  13 kobolds
  A leopard gecko skeleton (D:6)
  2 orc skeletons (D:9)
  19 orc zombies (D:9)
  A quokka zombie (D:8)
  7 rats
285 creatures vanquished.

Vanquished Creatures (others)
  An orc (D:5)
  11 plants (D:2)
12 creatures vanquished.

Grand Total: 297 creatures vanquished

Notes
Turn   | Place    | Note
-------+----------+-------------------------------------------
     0 | D:1      | Cykl0x the Minotaur Fighter began the quest for the Orb.
     0 | D:1      | Reached XP level 1. HP: 19/19 MP: 0/0
    72 | D:1      | Reached XP level 2. HP: 27/27 MP: 1/1
   781 | D:2      | Reached skill level 1 in Dodging
   818 | D:2      | Reached XP level 3. HP: 33/33 MP: 2/2
   821 | D:2      | Noticed Sigmund
   829 | D:2      | Killed Sigmund
   830 | D:2      | Reached skill level 3 in Long Blades
   830 | D:2      | Reached XP level 4. HP: 37/41 MP: 3/3
   830 | D:2      | Reached XP level 5. HP: 43/47 MP: 4/4
  1376 | D:2      | Found a stormy altar of Qazlal.
  1376 | D:2      | Found a white marble altar of Elyvilon.
  1383 | D:2      | Became a worshipper of Elyvilon the Healer
  1770 | D:3      | Found a glowing drain.
  1776 | D:3      | Reached skill level 5 in Armour
  1882 | Sewer    | Entered a sewer
  1887 | Sewer    | Reached skill level 1 in Throwing
  2183 | Sewer    | Reached XP level 6. HP: 53/53 MP: 5/5
  2195 | Sewer    | Reached skill level 5 in Shields
  2195 | Sewer    | Reached skill level 1 in Invocations
  2238 | Sewer    | Found a glowing silver altar of Zin.
  2307 | D:3      | Reached skill level 4 in Long Blades
  2832 | D:3      | Reached * piety under Elyvilon
  3099 | D:3      | Noticed an ice beast
  3108 | D:3      | Killed an ice beast
  3109 | D:3      | Reached XP level 7. HP: 60/60 MP: 7/7
  3244 | D:3      | Found a hazy altar of Hepliaklqana.
  3394 | D:4      | Found a staircase to the Ecumenical Temple.
  3404 | Temple   | Entered the Ecumenical Temple
  3725 | Temple   | Fell from the grace of Elyvilon
  3725 | Temple   | Became a worshipper of the Shining One
  4538 | D:5      | Entered Level 5 of the Dungeon
  4681 | D:5      | Reached skill level 5 in Fighting
  4681 | D:5      | Reached skill level 5 in Long Blades
  5341 | D:5      | Found a glowing silver altar of Zin.
  5426 | D:5      | Reached XP level 8. HP: 55/68 MP: 9/9
  5687 | D:6      | Found a broken altar of Ashenzari.
  5691 | D:6      | Reached * piety under the Shining One
  5881 | D:6      | Found a shimmering blue altar of Sif Muna.
  6135 | D:6      | Reached skill level 6 in Long Blades
  7155 | D:7      | Reached skill level 5 in Dodging
  7497 | D:7      | Noticed Prince Ribbit
  7516 | D:7      | Killed Prince Ribbit
  7517 | D:7      | Reached skill level 7 in Long Blades
  7517 | D:7      | Reached XP level 9. HP: 49/75 MP: 11/11
  7658 | D:7      | Reached ** piety under the Shining One
  7887 | D:7      | Identified a scroll of acquirement
  7887 | D:7      | Acquired 578 gold pieces
  8455 | D:8      | Found Ojec's Antique Weapon Shoppe.
  8805 | D:8      | Found a hide-covered altar of Uskayaw.
  8805 | D:8      | Found a blossoming altar of Fedhas.
  8807 | D:8      | Found a snail-covered altar of Cheibriados.
  8825 | D:8      | Found a burning altar of Makhleb.
  9314 | D:8      | Found a hide-covered altar of Uskayaw.
  9350 | D:8      | Noticed Maggie
  9356 | D:8      | Noticed a two-headed ogre
  9359 | D:8      | Killed Maggie
  9360 | D:8      | Reached skill level 5 in Invocations
  9368 | D:8      | Killed a two-headed ogre
  9369 | D:8      | Reached skill level 8 in Long Blades
  9369 | D:8      | Reached XP level 10. HP: 33/84 MP: 12/12
  9772 | D:9      | Found a staircase to the Orcish Mines.
  9773 | D:9      | Reached *** piety under the Shining One
  9816 | D:9      | Reached **** piety under the Shining One
 10470 | D:9      | Reached skill level 9 in Long Blades
 11212 | D:10     | Entered Level 10 of the Dungeon
 11226 | D:10     | Reached ***** piety under the Shining One
 11356 | D:10     | Found a flagged portal.
 11374 | Bailey   | Entered a bailey
 11374 | Bailey   | Noticed an orc knight
 11374 | Bailey   | Noticed an orc knight
 11375 | Bailey   | Noticed an orc knight
 11399 | Bailey   | HP: 1/86 [orc warrior/bolt (17)]
 11409 | Bailey   | Noticed an orc knight
 11419 | Bailey   | Slain by an orc knight

Illustrated notes

Levels and vault maps discovered:
D:1:      dpeg_arrival_round_c, layout_loops_cross
D:2:      layout_loops_ring, gammafunk_temple_overflow_pools,
          serial_bayou_ford_a, uniq_sigmund
D:3:      layout_loops_ring, nzn_hepliaklqana_mist_gate,
          cheibrodos_sewer_entry_sluice, minmay_misc_feat_diagonals,
          hangedman_feature_mirror
D:4:      layout_loops_ring, minmay_temple_entry_junction_2
D:5:      layout_basic, zin_statuary
D:6:      layout_basic, evilmike_ruin_ashenzari, hangedman_decor_points,
          led_sif_book
D:7:      layout_layer_cave, kennysheep_pointless_box, uniq_prince_ribbit1
D:8:      layout_loops_ring, nicolae_overflow_quartered_altars, basic_altar,
          serial_shops, nicolae_shop_crystal, uniq_maggie
D:9:      layout_basic, zombieorc2_lemuel, st_stairs_10
D:10:     layout_gridville, due_lair_maze_entry_diamond, enter_bailey_4,
          gammafunk_ghost_hive, nrook_uturn
Temple:   oiseaux_autumnal_temple
Bailey:   bailey_polearm_4, bailey

Skill      XL: |  1  2  3  4  5  6  7  8  9 10 |
---------------+-------------------------------+-----
Shields        | 4 5 6 7 8 |  8.2
Fighting       | 4 5 6 7 |  7.2
Armour         | 4 5 6 7 8 |  8.2
Dodging        | 1 2 3 4 5 6 7 |  7.1
Long Blades    | 3 4 5 7 8 9 |  9.5
Throwing       | 1 2 3 |  3.9
Invocations    | 1 2 4 5 6 |  6.2

Action                   |  1- 3 |  4- 6 |  7- 9 | 10-12 || total
-------------------------+-------+-------+-------+-------++-------
Melee: Long sword        |    45 |   166 |   345 |   145 ||   701
       Headbutt          |     7 |    26 |    54 |    33 ||   120
Throw: Stone             |    13 |    35 |    17 |       ||    65
       Boomerang         |       |       |    27 |    31 ||    58
       Javelin           |       |       |     6 |     1 ||     7
       Dart              |       |       |     4 |     2 ||     6
Invok: Divine Shield     |       |       |     1 |     2 ||     3
       Summon Divine War |       |       |       |     1 ||     1
Evoke: Wand              |       |       |       |     1 ||     1
  Use: Scroll            |     5 |     6 |     5 |    10 ||    26
       Potion            |       |       |     4 |     3 ||     7
Armor: Scale mail        |    27 |    49 |    29 |       ||   105
       Chain mail        |       |       |    61 |       ||    61
       Swamp dragon scal |       |       |       |    34 ||    34
Dodge: Dodged            |    16 |    46 |    95 |    69 ||   226
Block: Kite shield       |    20 |    91 |   196 |    97 ||   404
       Rpst.: Long sword |     2 |    14 |    23 |    21 ||    60
